 Dungeon Crawl Stone Soup version 0.28-a0-479-g5baa6b73be (webtiles) character file.

Game seed: 14513561045355527381

183 Bearserka the Chopper (level 5, -5/47 HPs)
             Began as a Hill Orc Berserker on Sept 19, 2021.
             Was a Believer of Trog.
             Killed from afar by Ijyb (18 damage)
             ... with an iceblast
             ... on level 3 of the Dungeon.
             The game lasted 00:30:00 (3671 turns).

Bearserka the Chopper (Hill Orc Berserker)          Turns: 3671, Time: 00:30:00

Health: -5/47      AC: 11    Str: 21    XL:     5   Next: 62%
Magic:  0/5        EV:  8    Int:  7    God:    Trog [**....]
Gold:   56         SH:  0    Dex: 16    Spells: 4/4 levels left

rFire   . . .      SeeInvis .   a - +0 hand axe
rCold   . . .      Faith    .   (no shield)
rNeg    . . .      Spirit   +   I - +0 chain mail
rPois   .          Reflect  .   (no helmet)
rElec   .          Harm     .   p - +0 cloak
rCorr   .          Rampage  .   (no gloves)
Will    .....                   v - +0 pair of boots
Stlth   ..........              f - amulet of guardian spirit
HPRegen 0.15/turn               l - +6 ring of dexterity
MPRegen 0.09/turn               (no ring)

@: no status effects
A: no striking features
a: Renounce Religion, Berserk, Trog's Hand


You were on level 3 of the Dungeon.
You worshipped Trog.
Trog was pleased with you.
You visited 1 branch of the dungeon, and saw 3 of its levels.

You collected 56 gold pieces.

Inventory:

Hand Weapons
 a - a +0 hand axe (weapon)
 e - a +0 hand axe
 i - a +0 club
 j - a +0 dagger
 k - a +0 whip
 m - a +0 whip
 n - a +0 dagger
 o - a +0 dagger
 q - a +0 dagger
 A - a +0 dagger
 B - a +0 short sword
 E - a +0 hand axe
 G - a +0 short sword
 J - a +0 vampiric short sword
 K - a +2 quarterstaff of chaos
 M - a +2 mace of protection
Missiles
 d - 116 stones (quivered)
 r - 40 arrows
Armour
 b - a +0 animal skin
 p - a +0 cloak (worn)
 v - a +0 pair of boots (worn)
 x - a +0 ring mail
 y - a +0 leather armour
 F - a +0 ring mail
 I - a +0 chain mail (worn)
 L - a +1 cloak
Magical Staves
 H - a staff of cold
Jewellery
 f - an amulet of guardian spirit (around neck)
 l - a +6 ring of dexterity (left hand)
Scrolls
 g - 3 scrolls of identify {unknown}
 h - a scroll of amnesia {unknown}
 t - a scroll of enchant armour {unknown}
 u - a scroll of magic mapping {unknown}
 D - a scroll of teleportation {unknown}
Potions
 c - 2 potions of curing {unknown}
 s - 2 potions of haste
 w - a potion of might {unknown}
 z - 3 potions of brilliance {unknown}
 C - a potion of flight {unknown}


   Skills:
 + Level 4.6 Fighting
 + Level 6.3 Axes
 + Level 2.9 Armour
 + Level 2.3 Dodging


You had 4 spell levels left.
You didn't know any spells.
Your spell library was empty.

Dungeon Overview and Level Annotations

Branches:
Dungeon (3/15)

Altars:

Annotations:
D:3 Ijyb


Message History

You hit the adder but do no damage.
The adder is almost dead.
You feel sick. The adder bites you.
You slash the adder!
You kill the adder!
Trog accepts your kill.
You feel sick.
You start resting.
You feel sick. x3
You are no longer poisoned.
You start resting.
Magic restored.
You start resting.
HP restored.
You see here an adder corpse.
Found a stone staircase leading up.
A kobold comes into view. It is wielding a +0 short sword.
The kobold shouts!
The kobold moves out of view.
The kobold throws a stone.
The stone hits you but does no damage. The kobold hits you but does no damage.
Ijyb the Twisted Goblin comes into view.
She is wielding a +0 dagger and carrying a wand of iceblast (8).
Ijyb shouts!
You hit the kobold.
You kill the kobold!
Trog accepts your kill.
Ijyb screams, "Me very upset!"
Drop what? 39/52 slots (_ for help) (? for menu, Esc to quit)
Okay, then.
Ijyb zaps a wand.
The mass of ice explodes!
The iceblast engulfs you!
You hear a shout!
Things that are here:
a +0 short sword; 3 stones; a kobold corpse Ijyb zaps a wand.
The mass of ice explodes!
The iceblast engulfs you!
Found a stone staircase leading down.
Ijyb zaps a wand.
The mass of ice explodes!
The iceblast engulfs you!
* * * LOW HITPOINT WARNING * * *
A worm comes into view.
Ijyb screams, "Get away!"
Ijyb zaps a wand.
The mass of ice explodes!
The iceblast engulfs you!!
You die...

### ######.. ...##.#
##.##.### # #.......
#w##..##.###.#.>.
#..<..)..@.g.....
#.##.###.#####... #.#
#.# #.###.# #..##.#
##.##.# ##+## #
#.##.# ##...##
#.###.##.# ##.....##
#........###.......##


You could see Ijyb.

Vanquished Creatures
  Crazy Yiuf (D:3)
  6 adders
  A worm (D:2)
  5 dart slugs
  9 orcs (D:3)
  4 bats
  7 endoplasms
  A giant cockroach (D:2)
  7 goblins
  7 hobgoblins
  3 jackals (D:3)
  3 quokkas
  11 ball pythons
  A frilled lizard (D:1)
  3 kobolds
  8 rats
77 creatures vanquished.

Notes
Turn   | Place    | Note
-------+----------+-------------------------------------------
     0 | D:1      | Bearserka the Hill Orc Berserker began the quest for the
                  | Orb.
     0 | D:1      | Reached XP level 1. HP: 19/19 MP: 1/1
    73 | D:1      | Reached XP level 2. HP: 27/27 MP: 2/2
   687 | D:1      | Reached XP level 3. HP: 33/33 MP: 3/3
   866 | D:1      | Found a faded altar of an unknown god.
   921 | D:1      | Reached ** piety under Trog
  1639 | D:2      | Reached skill level 5 in Axes
  1825 | D:2      | Reached XP level 4. HP: 16/40 MP: 1/4
  3063 | D:3      | Reached XP level 5. HP: 47/47 MP: 5/5
  3185 | D:3      | Found a runed translucent door.
  3186 | D:3      | Noticed Crazy Yiuf
  3295 | D:3      | Killed Crazy Yiuf
  3296 | D:3      | Reached skill level 6 in Axes
  3666 | D:3      | Noticed Ijyb
  3671 | D:3      | Killed from afar by Ijyb

Illustrated notes

Levels and vault maps discovered:
D:1:      dpeg_arrival_refuge, layout_basic,
          hellmonk_ecumenical_altar_heavens_door
D:2:      layout_loops_ring
D:3:      layout_loops_corners, kennysheep_generic_room_4, uniq_ijyb,
          uniq_sigmund, uniq_crazy_yiuf_cottage

Skill      XL: |  1  2  3  4  5 |
---------------+----------------+-----
Fighting       | 4 |  4.6
Dodging        | 2 |  2.3
Axes           | 5 6 |  6.3
Armour         | |  2.9

Action                   |  1- 3 |  4- 6 || total
-------------------------+-------+-------++-------
Melee: Hand axe          |   115 |   118 ||   233
Invok: Berserk           |     3 |     2 ||     5
       Trog's Hand       |     1 |       ||     1
  Use: Potion            |     1 |       ||     1
 Stab: Sleeping          |     2 |       ||     2
Armor: Animal skin       |    33 |     1 ||    34
       Skin              |     6 |       ||     6
       Ring mail         |       |    14 ||    14
       Chain mail        |       |    29 ||    29
Dodge: Dodged            |    78 |    56 ||   134

Table legend: (Time is in decaauts)
 A = Elapsed time spent in this place.
 B = Non-inter-level travel time spent in this place.
 C = Inter-level travel time spent in this place.
 D = Time resting spent in this place.
 E = Time spent auto-exploring this place.
 F = Levels seen in this place.
 G = Mean time per level.
                   A        B        C        D        E       F      G
               +--------+--------+--------+--------+--------+-----+--------+
         Total |   3724 |   3669 |     55 |   1182 |   1363 |   3 | 1241.3 |
       Dungeon |   3724 |   3669 |     55 |   1182 |   1363 |   3 | 1241.3 |
               +--------+--------+--------+--------+--------+-----+--------+

Top non-repeatable levels by time:
     D:1: 1429 daAuts
     D:2: 1215 daAuts
     D:3: 1079 daAuts
